 Dungeon Crawl Stone Soup version 0.30-a0-1163-gf69bf04e7a (webtiles) character file.

Game seed: 14069803186889255875

7 CornPuffBuddha the Firebug (level 1, 0/10 HPs)
             Began as a Deep Elf Fire Elementalist on Apr 28, 2023.
             Slain by a jackal (1 damage)
             ... on level 1 of the Dungeon.
             The game lasted 00:01:27 (240 turns).

CornPuffBuddha the Firebug (DEFE)                    Turns: 240, Time: 00:01:27

Health: 0/10       AC:  2    Str:  5    XL:     1   Next: 83%
Magic:  6/6        EV: 12    Int: 19    God:
Gold:   10         SH:  0    Dex: 15    Spells: 5/6 levels left

rFire   . . .        (no weapon)
rCold   . . .        (no shield)
rNeg    . . .        a - +0 robe
rPois   .            (no helmet)
rElec   .            (no cloak)
rCorr   .            (no gloves)
SInv    .            (no boots)
Will    .....        (no amulet)
Stlth   ++           (no ring)
HPRegen 0.21/turn    (no ring)
MPRegen 0.10/turn

%: no passive effects
@: no status effects
A: no striking features
a: no special abilities


You were on level 1 of the Dungeon.
You visited 1 branch of the dungeon, and saw 1 of its levels.

You collected 10 gold pieces.

Inventory:

Armour
 a - a +0 robe (worn)
Potions
 c - a potion of might {unknown}


   Skills:
 - Level 2.4 Dodging
 - Level 2.4 Stealth
 + Level 3.2 Spellcasting
 - Level 1.1 Conjurations
 * Level 3.6 Fire Magic


You had 5 spell levels left.
You knew the following spells:

 Your Spells              Type           Power      Damage    Failure   Level
a - Foxfire               Conj/Fire      48%        2x1d6     5%          1

Your spell library contained the following spells:

 Spells                   Type           Power      Damage    Failure   Level
 Scorch                   Fire           34%        2d6       4%          2
 Inner Flame              Hex/Fire       10%        N/A       22%         3
 Volatile Blastmotes      Fire/Tloc      20%        2d11      22%         3
 Flame Wave               Conj/Fire      12%        2d6       50%         4


Dungeon Overview and Level Annotations

Branches:
Dungeon (1/15)

Altars:


Message History

The foxfire hits the jackal but does no damage.
The jackal is moderately wounded.
The foxfire hits the jackal.
The jackal is severely wounded.
You conjure some foxfire!
The foxfire hits the jackal.
You kill the jackal!
The jackal bites you.
Your foxfire dissipates!
The jackal attacks as you move away! The jackal misses you.
The hobgoblin attacks as you move away! The hobgoblin closely misses you.
The jackal closely misses you. The jackal misses you.
The jackal barely misses you.
You conjure some foxfire!
The foxfire hits the ball python.
You kill the ball python!
The jackal bites you but does no damage.
The jackal closely misses you. The jackal attacks as you move away!
The jackal closely misses you.
The foxfire hits the jackal but does no damage.
You conjure some foxfire!
The jackal bites you.
The foxfire hits the jackal.
The jackal is moderately wounded.
The jackal bites you. The jackal attacks as you move away!
The jackal closely misses you.
The foxfire hits the jackal.
The jackal is almost dead.
The jackal completely misses you. Magic courses through your body.
The jackal bites you but does no damage.
The jackal barely misses you. The jackal bites you.
You are too injured to fight recklessly!
You are too injured to fight recklessly!
Sorry, you're not good enough to have a special ability.
The jackal bites you.
* * * LOW HITPOINT WARNING * * *
The hobgoblin hits you but does no damage.
The jackal barely misses you. The jackal bites you.
* * * LOW HITPOINT WARNING * * *
The jackal closely misses you.
The jackal bites you but does no damage.
The jackal bites you.
You die...

........# ##.. ........#
##... ........# ##....
.......)# #..... ........#
##...## #....# #....#.
#..†.# #...##. ###gh##
#...#.. #h@h#########...###
#.###........##......
#............#######.
#.###..............#.
#................## ..
###.........#.......# ..
#...#.##......###....
#.###............#####...
#.#.....####+#.....#...##..


You could see 3 jackals and a hobgoblin.

Vanquished Creatures
  A goblin (D:1)
  A jackal (D:1)
  2 ball pythons (D:1)
  A frilled lizard (D:1)
  2 rats (D:1)
7 creatures vanquished.

Vanquished Creatures (others)
  17 foxfires (D:1)
17 creatures vanquished.

Grand Total: 24 creatures vanquished

Notes
Turn   | Place    | Note
-------+----------+-------------------------------------------
     0 | D:1      | CornPuffBuddha the Deep Elf Fire Elementalist began the
                  | quest for the Orb.
     0 | D:1      | Reached XP level 1. HP: 10/10 MP: 6/6
   240 | D:1      | Slain by a jackal

Illustrated notes

Levels and vault maps discovered:
D:1:      dpeg_arrival_circle_labyrinth_c, layout_basic,
          shapermc_ecumenical_altar_mp_ritualfount, minmay_quantized

Action                     || total
---------------------------++-------
  Melee: Unarmed           ||     1
   Cast: Foxfire           ||    12
    Use: Potion            ||     1
 Armour: Robe              ||     4
  Dodge: Dodged            ||    15

Table legend: (Time is in decaauts)
 A = Elapsed time spent in this place.
 B = Non-inter-level travel time spent in this place.
 C = Inter-level travel time spent in this place.
 D = Time resting spent in this place.
 E = Time spent auto-exploring this place.
 F = Levels seen in this place.
 G = Mean time per level.
                   A        B        C        D        E       F      G
               +--------+--------+--------+--------+--------+-----+--------+
         Total |    240 |    240 |      0 |      0 |    196 |   1 |  240.0 |
       Dungeon |    240 |    240 |      0 |      0 |    196 |   1 |  240.0 |
               +--------+--------+--------+--------+--------+-----+--------+

Top non-repeatable levels by time:
     D:1: 240 daAuts
